 Dungeon Crawl Stone Soup version 0.31-a0-1412-g7b7c7d10e1 (webtiles) character file.

Game seed: 4356592639923886291

6930559 seandewar5 the Imperceptible (level 27, 262/262 HPs)
             Began as a Naga Alchemist on Dec 25, 2023.
             Was the Champion of Cheibriados.
             Escaped with the Orb
             ... and 10 runes on Dec 27, 2023!
             The game lasted 08:52:48 (109386 turns).

seandewar5 the Imperceptible (Naga Alchemist)     Turns: 109386, Time: 08:52:48

Health: 262/262    AC: 36    Str: 31    XL:     27
Magic:  63/63      EV: 19    Int: 42    God:    Cheibriados [******]
Gold:   6019       SH: 30    Dex: 28    Spells: 7/62 levels left

rFire   + + .        b - +9 sacred scourge (holy)
rCold   + + .        i - +8 tower shield {reflect}
rNeg    + . .        t - quicksilver dragon scales
rPois   +            n - +1 helmet "Zemovob" {rCorr MP+9}
rElec   .            Z - scarf {rC+ rF+}
rCorr   +            C - +2 pair of gloves
SInv    +            M - +4 barding {rF+}
Will    ++++.        A - amulet of Vitality {RegenMP++ Regen++}
Stlth   +++          q - ring of Daisies {Wiz rC+ Str+4}
HPRegen 2.23/turn    N - ring "Lyacs" {rN+ MP+9 Str+2}
MPRegen 1.18/turn

%: reflection, wizardry (x1)
@: studying 3 skills, very slow
A: AC +9, large, see invisible, deformed body, poison resistance, slowness 2,
spit poison 2, naga tail 2, stinger 1, mutation resistance 1, weak 1, wild magic
1
0: Orb of Zot
}: 10/15 runes: barnacled, slimy, silver, abyssal, demonic, glowing, magical,
fiery, dark, gossamer
a: Breathe Poison Gas, Renounce Religion, Bend Time, Temporal Distortion,
Slouch, Step From Time


You escaped.
You worshipped Cheibriados.
Cheibriados was exalted by your worship.
You visited 13 branches of the dungeon, and saw 57 of its levels.
You visited Pandemonium 1 time, and saw 15 of its levels.
You visited the Abyss 1 time.
You also visited: Wizlab.

You collected 11454 gold pieces.
You spent 5435 gold pieces at shops.

Inventory:

Hand Weapons
 a - a +9 demon blade of freezing
 b - a +9 sacred scourge of holy wrath (weapon)
Missiles
 h - 2 throwing nets
Armour
 i - a +8 tower shield of reflection (worn)
 l - the +2 leather armour of the Realm of Zot {rN+ rCorr Slay+2 Stlth-}
   (You took it off a deep elf elementalist on level 3 of the Elven Halls)

   Slay+2:    It affects your accuracy & damage with ranged weapons and melee
   (+2).
   rN+:       It protects you from negative energy.
   rCorr:     It protects you from acid and corrosion.
   Stlth-:    It makes you less stealthy.
 n - the +1 helmet "Zemovob" (worn) {rCorr MP+9}
   (You found it on level 5 of the Vaults)

   MP+9:      It affects your magic capacity (+9).
   rCorr:     It protects you from acid and corrosion.
 t - quicksilver dragon scales (worn)
 w - +7 gold dragon scales
 C - a +2 pair of gloves (worn)
 M - a +4 barding of fire resistance (worn)
 Y - +0 pearl dragon scales
 Z - a scarf of resistance (worn)
Jewellery
 k - the ring of Apuywuexi {rElec Will+ SInv}
   (You bought it in a shop on level 2 of the Elven Halls)

   [ring of willpower]

   rElec:     It insulates you from electricity.
   Will+:     It increases your willpower.
   SInv:      It lets you see invisible.
 q - the ring of Daisies (left hand) {Wiz rC+ Str+4}
   (You bought it in a shop on level 3 of the Vaults)

   [ring of wizardry]

   Wiz:       It improves your spell success rate.
   Str+4:     It affects your strength (+4).
   rC+:       It protects you from cold.
 A - the amulet of Vitality (around neck) {RegenMP++ Regen++}
   (You found it on level 2 of the Shoals)

   [amulet of magic regeneration]

   RegenMP:   It increases your rate of magic regeneration.
   Regen++:   It increases your rate of health regeneration.
 B - the ring "Axtyvvaklu" {rN+ rCorr}
   (You found it on level 3 of the Crypt)

   [ring of positive energy]

   rN+:       It protects you from negative energy.
   rCorr:     It protects you from acid and corrosion.
 E - an amulet of reflection
 N - the ring "Lyacs" (right hand) {rN+ MP+9 Str+2}
   (You took it off a moon troll in a wizard's laboratory)

   [ring of magical power]

   Str+2:     It affects your strength (+2).
   rN+:       It protects you from negative energy.
   MP+9:      It affects your magic capacity (+9).
Wands
 f - a wand of paralysis (30)
 x - a wand of acid (13)
 D - a wand of roots (37)
 K - a wand of digging (9)
 V - a wand of polymorph (36)
Scrolls
 c - 13 scrolls of teleportation
 o - 6 scrolls of blinking
 p - 10 scrolls of immolation
 r - 7 scrolls of vulnerability
 u - a scroll of enchant armour
 y - 4 scrolls of silence
 F - 6 scrolls of butterflies
 G - a scroll of revelation
 H - 3 scrolls of brand weapon
 I - 6 scrolls of torment
 P - 11 scrolls of fear
 Q - 10 scrolls of poison
 T - 6 scrolls of fog
 U - 3 scrolls of amnesia
Potions
 d - 12 potions of heal wounds
 e - 3 potions of might
 g - 11 potions of ambrosia
 j - 5 potions of invisibility
 m - 15 potions of attraction
 s - 2 potions of magic
 v - 2 potions of cancellation
 z - 13 potions of mutation
 J - 8 potions of lignification
 L - 3 potions of brilliance
 O - 8 potions of enlightenment
 R - 17 potions of curing
 S - 5 potions of berserk rage
 W - a potion of resistance
Miscellaneous
 X - a phial of floods


   Skills:
 * Level 18.5 Fighting
 - Level 14.0 Long Blades
 - Level 12.0 Maces & Flails
 - Level 15.0 Armour
 - Level 14.0 Dodging
 + Level 23.9 Stealth
 - Level 14.0 Shields
 - Level 18.1 Spellcasting
 - Level 20.0 Conjurations
 - Level 3.0 Translocations
 - Level 20.0 Fire Magic
 - Level 16.7 Ice Magic
 - Level 20.0 Air Magic
 - Level 8.0 Alchemy
 - Level 14.0 Invocations


You had 7 spell levels left.
You knew the following spells:

 Your Spells              Type           Power      Damage    Failure   Level
a - Plasma Beam           Fire/Air       66%        2x1d83    1%          6
b - Mephitic Cloud        Conj/Alch/Air  100%       N/A       1%          3
c - Ignition              Fire           66%        3d18      2%          8
d - Orb of Destruction    Conj           66%        9d16      1%          7
e - Sticky Flame          Fire/Alch      100%       2d15      1%          4
f - Chain Lightning       Conj/Air       66%        3d88      26%         9
y - Blink                 Tloc           100%       N/A       1%          2
z - Apportation           Tloc           100%       N/A       1%          1
A - Ozocubu's Armour      Ice            100%       N/A       1%          3
B - Frozen Ramparts       Ice            100%       1d16      1%          3
M - Maxwell's Capacitive  Air            66%        ∞         2%          8
Z - Sting                 Conj/Alch      100%       1d9       1%          1

Your spell library contained the following spells:

 Spells                   Type           Power      Damage    Failure   Level
 Freeze                   Ice            100%       1d10      1%          1
 Kiss of Death            Conj/Necr      100%       2d13      1%          1
 Magic Dart               Conj           100%       1d8       1%          1
 Necrotise                Necr           100%       1d9       1%          1
 Sandblast                Erth           98%        2d20      1%          1
 Shock                    Conj/Air       100%       1d9       1%          1
 Slow                     Hex            100%       N/A       1%          1
 Summon Small Mammal      Summ           100%       N/A       1%          1
 Call Imp                 Summ           98%        N/A       1%          2
 Cigotuvi's Dreadful Rot  Necr/Alch/Air  100%       N/A       1%          2
 Ensorcelled Hibernation  Hex/Ice        100%       N/A       1%          2
 Jinxbite                 Hex            98%        N/A       1%          2
 Mercury Vapours          Alch/Air       100%       N/A       1%          2
 Passwall                 Alch/Erth      62%        N/A       1%          2
 Scorch                   Fire           100%       2d9       1%          2
 Searing Ray              Conj           100%       2d8       1%          2
 Static Discharge         Conj/Air       100%       3-8/arc   1%          2
 Sublimation of Blood     Necr           49%        N/A       1%          2
 Dazzling Flash           Conj/Hex       100%       N/A       1%          3
 Gell's Gravitas          Tloc           70%        N/A       1%          3
 Hailstorm                Conj/Ice       100%       3d16      1%          3
 Inner Flame              Hex/Fire       100%       N/A       1%          3
 Stone Arrow              Conj/Erth      100%       3d13      1%          3
 Swiftness                Air            100%       N/A       1%          3
 Teleport Other           Tloc           70%        N/A       1%          3
 Volatile Blastmotes      Fire/Tloc      100%       2d18      1%          3
 Airstrike                Air            66%        2d(10-26) 1%          4
 Brom's Barrelling Bould  Conj/Erth      100%       2d11      1%          4
 Flame Wave               Conj/Fire      100%       2d21      1%          4
 Fulminant Prism          Conj/Alch      58%        3d24      1%          4
 Ignite Poison            Fire/Alch      100%       N/A       1%          4
 Iskenderun's Mystic Bla  Conj/Tloc      100%       2d19      1%          4
 Olgreb's Toxic Radiance  Alch           95%        N/A       1%          4
 Summon Ice Beast         Ice/Summ       96%        N/A       1%          4
 Summon Lightning Spire   Summ/Air       100%       N/A       1%          4
 Alistair's Intoxication  Alch           63%        N/A       1%          5
 Fireball                 Conj/Fire      66%        3d25      1%          5
 Freezing Cloud           Conj/Ice/Air   65%        6-21      1%          5
 Irradiate                Conj/Alch      58%        3d31      1%          5
 Iskenderun's Battlesphe  Conj           100%       2d15      1%          5
 Metabolic Englaciation   Hex/Ice        48%        N/A       1%          5
 Silence                  Hex/Air        51%        N/A       1%          5
 Ozocubu's Refrigeration  Ice            62%        4d21      1%          7
 Leda's Liquefaction      Alch/Erth      37%        N/A       2%          4
 Petrify                  Alch/Erth      75%        N/A       2%          4
 Call Canine Familiar     Summ           49%        N/A       3%          3
 Confusing Touch          Hex            49%        N/A       3%          3
 Fugue of the Fallen      Necr           49%        N/A       3%          3
 Sigil of Binding         Hex            49%        N/A       3%          3
 Summon Guardian Golem    Hex/Summ       49%        N/A       3%          3
 Tukima's Dance           Hex            49%        N/A       3%          3
 Vampiric Draining        Necr           49%        2d9       3%          3
 Manifold Assault         Tloc           70%        N/A       3%          4
 Passage of Golubria      Tloc           70%        N/A       3%          4
 Bombard                  Conj/Erth      51%        9d9       3%          6
 Dimensional Bullseye     Hex/Tloc       30%        N/A       6%          4
 Yara's Violent Unravell  Hex/Alch       37%        3d15      6%          5
 Eringya's Noxious Bog    Alch           47%        4d6       6%          6
 Simulacrum               Ice/Necr       48%        N/A       6%          6
 Anguish                  Hex/Necr       24%        N/A       11%         4
 Animate Armour           Summ/Erth      98%        N/A       11%         4
 Animate Dead             Necr           49%        N/A       11%         4
 Cause Fear               Hex            24%        N/A       11%         4
 Dispel Undead            Necr           49%        3d18      11%         4
 Spellforged Servitor     Conj/Summ      51%        N/A       14%         7
 Summon Forest            Summ/Tloc      30%        N/A       16%         5
 Agony                    Necr           49%        N/A       26%         5
 Borgnjor's Vile Clutch   Necr/Erth      24%        N/A       26%         5
 Lee's Rapid Deconstruct  Erth           24%        3d13*     26%         5
 Summon Mana Viper        Hex/Summ       49%        N/A       26%         5
 Dispersal                Tloc           35%        N/A       38%         6
 Death Channel            Necr           24%        N/A       77%         6
 Malign Gateway           Summ/Tloc      30%        N/A       98%         7
 Haunt                    Necr/Summ      24%        N/A       99%         7
 Monstrous Menagerie      Summ           24%        N/A       99%         7
 Summon Hydra             Summ           24%        N/A       99%         7
 Lehudib's Crystal Spear  Conj/Erth      51%        10d12     65%         8
 Polar Vortex             Ice            62%        12d8*     65%         9
 Discord                  Hex            24%        N/A       100%        8
 Disjunction              Tloc           35%        N/A       100%        8
 Infestation              Necr           24%        N/A       100%        8
 Summon Horrible Things   Summ           24%        N/A       100%        8
 Dragon's Call            Summ           24%        N/A       100%        9


Dungeon Overview and Level Annotations

Branches:
Dungeon (15/15)            Temple (1/1) D:4            Lair (5/5) D:9
 Shoals (4/4) Lair:2       Spider (4/4) Lair:2        Slime (5/5) Lair:4
    Orc (2/2) D:10            Elf (3/3) Orc:2        Vaults (5/5) D:13
  Crypt (3/3) Vaults:3       Tomb (0/3) Crypt:3      Depths (4/4) D:15
   Hell (visited)             Zot (5/5) Depths:4     WizLab (visited)
    Dis: Hell:1         Geh: Hell:1         Coc: Hell:1         Tar: Hell:1

Altars:
Ashenzari
Cheibriados
Dithmenos
Elyvilon
Fedhas
Gozag
Hepliaklqana
Kikubaaqudgha
Makhleb
Nemelex Xobeh
Okawaru
Qazlal
Ru
Sif Muna
Trog
Uskayaw
Vehumet
Wu Jian
Xom
Yredelemnul
Zin
The Shining One
Jiyva

Shops:
D:9 *   Orc:1 *   Orc:2 :*=[*   Elf:1 [=[   Elf:2 !=:=   Elf:3 :   Shoals:3 *
Vaults:1 (   Vaults:2 [   Vaults:3 =   Vaults:4 *   Depths:4 (*?

Portals:
Hell: Lair:5 Depths:1 Depths:2 Depths:3 Depths:4
Abyss: Depths:3
Pandemonium: Depths:2
Ziggurat: Depths:2
Trove: Elf:1 (show abyssal rune of Zot)

Annotations:
D:3 exclusion: 2 downstairs
Spider:2 exclusion: downstairs
Slime:3 exclusion: downstairs
Hell Geryon


Innate Abilities, Weirdness & Mutations

Your serpentine skin is tough. (AC +9)
You have supernaturally acute eyesight. (SInv)
Armour fits poorly on your strangely shaped body.
Your system is resistant to poisons. (rPois)
You cover ground very slowly.
You can exhale a cloud of poison.
You can use your snake-like lower body to constrict enemies.
Your tail ends in a venomous barb.
You are somewhat resistant to further mutation.
You are weak. (Str -2)
Your spells are a little harder to cast, but a little more powerful.


Message History

The smoke demon gestures at you.
Your +8 tower shield of reflection blocks the pyre arrow... and reflects it back!
The pyre arrow hits the smoke demon.
You whack the smoke demon!
You kill the smoke demon!
Cheibriados appreciates the change of pace.
The liquid fire burns you!
What level of the Dungeon? (default 1, ? - help)
You are on fire!
You shake off the liquid fire.
HP +1 (261 -> 262).
What level of the Dungeon? (default 1, ? - help)
You see here a +0 hand axe.
There is a stone staircase leading up here.
You climb upwards.
Level annotation: exclusion: 2 downstairs
There is a stone staircase leading down here.
There is a stone staircase leading up here.
You climb upwards.
There is a stone staircase leading down here.
There is a stone staircase leading up here.
You climb upwards.
A smoke demon comes into view.
There is a stone staircase leading down here.
What level of the Dungeon? (default 1, ? - help)
A smoke demon is nearby!
You block the smoke demon's attack. x3
You hit the smoke demon but do no damage.
The smoke demon gestures at you. The ball of steam misses you.
You thrash the smoke demon!!
The smoke demon convulses!!!
You kill the smoke demon!
Cheibriados appreciates the change of pace.
What level of the Dungeon? (default 1, ? - help)
There is a stone staircase leading down here.
You see here a +0 dagger.
There is an open door here.
There is a staircase leading out of the dungeon here.
Enter note: screw hell You have escaped!

.# ##.......####.####.......## #
.###.....####..#....####.....####
.##....###.....#.......###....##.
.#....##.....#.#####.....##....##
##...##....###.#...###....##...##
#....#....##...#.....##....#....#
#...##...##...##.##...##...##...#
#...#....#...##...##...#....#...#
#...'....#...##.@.##...#....+...#
#...#....#...##...##...#....#...#
#...##...##...#####...##...##...#
#....#....##.........##....#....#
##...##....###.....###....##...##
.#....##.....###+###.....##....#
.##....###.............###....##
.###.....####.......####.....##
.####.......#########.......##


There were no monsters in sight!

Vanquished Creatures
  Cerebov (Pan)
  the Royal Jelly (Slime:5)
  Ignacio (Pan)
  Dissolution (Slime:4)
  Lom Lobon (Pan)
  Gloorx Vloq (Pan)
  Mnoleg (Pan)
  4 dread liches
  Mennas (Vaults:4)
  4 ancient liches
  7 orbs of fire
  A juggernaut (Depths:3)
  5 Killer Klowns (Zot:5)
  Saint Roka (Vaults:3)
  Parghit (Depths:3)
  The ghost of leebro123 the Skinwalker, a veteran TrSh of Gozag (Depths:4)
  3 curse toes
  11 golden dragons
  Norris (Elf:3)
  A pearl dragon (Pan)
  A profane servitor (Crypt:3)
  A bone dragon (Abyss:3)
  2 Brimstone Fiends (Pan)
  3 electric golems
  6 Hell Sentinels
  A hellephant (Pan)
  17 tentacled monstrosities
  Jorgrun (D:12)
  2 iron giants
  2 walking crystal tomes (Depths:3)
  A moon troll (WizLab)
  Mlioglotl (Spider:2)
  27 Orb Guardians
  A lich (Depths:4)
  2 deep elf blademasters (Elf:3)
  A walking divine tome (Depths:4)
  A walking frostbound tome (Depths:4)
  10 titans
  2 deep elf master archers (Elf:3)
  9 quicksilver dragons
  4 sphinxes
  2 krakens
  10 death cobs
  9 tentacled starspawn (WizLab)
  19 Executioners
  The ghost of Cacuas the Convoker, an adept TeSu of Yredelemnul (Shoals:3)
  Frances (Spider:1)
  24 acid blobs
  The ghost of TheWayOfAllFlesh the Warrior, an adept DjFE of Fedhas (Spider:1)
  Kirke (D:14)
  12 ancient champions
  Ilsuiw (Shoals:3)
  4 revenants (Crypt:3)
  8 shadow dragons
  5 tengu reavers
  12 storm dragons
  8 protean progenitors
  13 draconian monks
  5 draconian knights
  11 azure jellies
  15 rockslimes
  11 fire giants
  3 demonspawn warmongers (Pan)
  5 daevas
  2 iron dragons
  5 emperor scorpions
  4 draconian shifters
  5 deep elf sorcerers
  7 ghouls
  5 draconian scorchers
  10 balrugs
  7 frost giants
  4 deep elf elementalists (Elf:3)
  15 ghost moths
  20 vault wardens
  The ghost of Waitepy the Thaumaturge, a journeyman DjAE of Makhleb (D:14)
  4 spriggan defenders
  An orc warlord (Vaults:1)
  5 spectral caustic shrikes (Depths:1)
  10 reapers (Pan)
  5 curse skulls
  A caustic shrike skeleton (Pan)
  23 cacodemons
  4 draconian stormcallers
  5 angels
  36 stone giants
  5 demonspawn corrupters (Pan)
  11 quicksilver oozes
  20 ironbound preservers
  11 draconian annihilators
  3 pandemonium lords
  45 very ugly things
  3 demonspawn blood saints (Pan)
  7 apis (Pan)
  6 broodmothers
  6 formless jellyfish
  9 deep elf death magi
  7 deep elf demonologists
  7 black draconians
  10 ironbound thunderhulks
  Nessos (D:12)
  6 demonspawn black suns (Pan)
  8 vampire knights
  12 green draconians
  15 red draconians
  5 lorocyprocas (Pan)
  A bunyip (Zot:3)
  9 deep elf annihilators
  21 white draconians
  8 war gargoyles
  12 purple draconians
  8 dire elephants
  9 spark wasps
  15 yellow draconians
  Azrael (Orc:2)
  8 green deaths
  8 merfolk javelineers
  7 blizzard demons
  5 eidola (Crypt:3)
  A shambling mangrove (Abyss:3)
  2 mummy priests (Crypt:1)
  Snorg (D:13)
  14 ettins
  13 yaktaur captains
  The ghost of Bizboz the Nimble, a journeyman DjAl of Qazlal (Lair:1)
  17 fire dragons
  11 merfolk impalers
  3 deep elf high priests
  16 jiangshi
  A crystal guardian (Vaults:4)
  20 great orbs of eyes
  8 entropy weavers
  8 ice dragons
  36 vault guards
  A catoblepas (Zot:1)
  5 peacekeepers
  4 spriggan skeletons
  11 hydras
  3 rakshasas
  2 ghost crabs (Abyss:3)
  2 jorogumos
  A quicksilver dragon skeleton (Crypt:3)
  2 hell beasts
  4 radroaches
  2 merfolk avatars
  4 spriggan air magi
  3 ogre magi
  5 centaur warriors
  10 ironbound frosthearts
  Erica (Lair:1)
  7 death knights
  An Orb Guardian skeleton (Crypt:1)
  A bennu zombie (Crypt:3)
  25 dancing weapons
  2 merfolk aquamancers
  A two-headed ogre (shapeshifter) (Vaults:4)
  The ghost of hitsuchi the Demonic Aeon, a journeyman DsAl of Cheibriados (D:9)
  6 deep troll shamans
  3 anacondas (Zot:5)
  A sphinx skeleton (Crypt:1)
  10 death yaks
  12 boulder beetles
  17 demonic crawlers
  16 vampire magi
  10 two-headed ogres
  9 tengu warriors
  7 orc high priests
  7 spriggan berserkers
  6 deep troll earth magi
  An azure jelly zombie (Crypt:1)
  6 occultists
  A shock serpent (shapeshifter) (Depths:2)
  3 shock serpents (Pan)
  Sonja (Lair:1)
  33 soul eaters (Pan)
  16 sun demons
  The ghost of TheSeeker391 the Cleaver, a novice HOFi of Okawaru (D:8)
  14 deep elf knights
  9 hell knights
  3 wretched stars (WizLab)
  13 sixfirhies
  2 fire crabs (Abyss:3)
  11 skysharks
  5 iron trolls
  A skyshark (shapeshifter) (Vaults:5)
  14 shadow wraiths
  52 deep trolls
  7 flayed ghosts
  3 pharaoh ants
  8 orb spiders
  2 goliath frogs (Zot:1)
  3 cherubim (Pan)
  A bunyip skeleton (Pan)
  An orange crystal statue (WizLab)
  14 sea snakes
  2 sea snakes (shapeshifter)
  An anaconda zombie (Crypt:2)
  25 skeletal warriors
  A kraken simulacrum (Shoals:4)
  7 lindwurms
  14 glowing orange brains
  32 large abominations
  13 shadow demons
  26 phantasmal warriors
  11 necromancers
  An obsidian statue (Zot:5)
  12 orc knights
  5 deep elf archers
  17 deep elf pyromancers
  6 steelbarb worms
  An anaconda skeleton (Crypt:3)
  9 arcanists
  30 ironbound convokers
  11 shining eyes
  12 deep elf zephyrmancers
  20 harpies
  2 shadow dragon skeletons
  11 wolf spider zombies
  An alligator zombie (Crypt:3)
  7 orc sorcerers
  12 starcursed masses
  39 ugly things
  An elf skeleton (Vaults:2)
  26 wolf spiders
  11 cyclopes
  A shining eye (shapeshifter) (Vaults:3)
  A faun (shapeshifter) (Depths:4)
  A jorogumo zombie (Crypt:3)
  Maurice (Orc:2)
  17 manticores
  2 kobold blastminers
  10 centaur zombies
  25 moths of wrath
  21 meliai
  An elephant (shapeshifter) (Depths:1)
  5 elephants
  A guardian serpent (shapeshifter) (D:14)
  An iron dragon skeleton (Crypt:2)
  A stone giant skeleton (Crypt:1)
  4 black mambas
  A dire elephant zombie (Crypt:3)
  A titan simulacrum (Crypt:1)
  A human skeleton (Vaults:2)
  A guardian serpent (Abyss:3)
  6 water nymphs
  32 smoke demons
  3 torpor snails
  7 merfolk sirens
  2 apocalypse crabs (Abyss:3)
  A fire giant skeleton (Vaults:2)
  2 dire elephant skeletons
  35 vault sentinels
  9 eyes of devastation
  An orc skeleton (Crypt:1)
  A death yak zombie (Crypt:1)
  4 centaur skeletons
  3 naga zombies
  26 orange demons
  17 cane toads
  3 gargoyles (D:12)
  4 rime drakes
  An unseen horror (D:10)
  8 hellions
  5 kobold demonologists
  A purple draconian zombie (Crypt:3)
  3 efreet (Pan)
  2 ice devils
  14 freezing wraiths
  5 komodo dragons
  23 yaktaurs
  A catoblepas zombie (Crypt:2)
  5 redback zombies (Spider:3)
  2 ancient zymes
  9 tormentors (Pan)
  4 guardian mummies (Crypt:1)
  7 red devils
  A purple draconian skeleton (Crypt:3)
  9 trolls
  2 harpy zombies
  2 tengu conjurers
  4 wind drakes
  A queen bee (Spider:3)
  A yaktaur skeleton (Vaults:2)
  A grey draconian skeleton (Crypt:2)
  3 harpy skeletons
  34 merfolk
  25 hellwings
  27 tarantellas
  2 tyrant leeches (Zot:4)
  14 hornets
  Grinder (D:4)
  3 polar bears
  25 blink frogs
  7 glass eyes
  A tarantella (shapeshifter) (D:15)
  A mana viper skeleton (Crypt:2)
  10 culicivora zombies (Spider:3)
  A raiju (Abyss:3)
  A meliai zombie (D:13)
  11 dream sheep
  A hydra skeleton (Crypt:3)
  16 snapping turtles
  A stone giant simulacrum (Crypt:2)
  A fire dragon zombie (Crypt:1)
  26 jumping spiders
  A jumping spider zombie (Crypt:3)
  12 tarantella zombies (Spider:3)
  159 slime creatures
  27 culicivoras
  4 shadows
  43 yaks
  10 spriggans
  18 water elementals
  4 fire bats (Zot:4)
  2 fire bats (shapeshifter)
  2 black mamba skeletons (Crypt:1)
  6 fire elementals
  17 wraiths
  6 wyverns
  5 vampires
  5 ynoxinuls (Pan)
  2 hogs (D:14)
  7 basilisks
  69 redbacks
  Eustachio (D:6)
  4 wargs
  9 golden eyes
  9 chaos spawn
  2 redbacks (shapeshifter) (Vaults:5)
  A wind drake skeleton (Crypt:2)
  14 neqoxecs
  2 steam dragons
  11 vampire mosquitoes
  4 acid dragons
  18 water moccasins
  7 hell hounds
  A two-headed ogre skeleton (Crypt:1)
  20 orc warriors
  2 ice beasts
  5 black bears
  A naga skeleton (Pan)
  8 laughing skulls
  4 ogres
  34 wolves
  5 boggarts (Vaults:1)
  3 small abominations
  16 centaurs
  2 phantoms
  A snapping turtle skeleton (Crypt:2)
  A komodo dragon zombie (Crypt:1)
  2 kobold brigands (D:8)
  Blork the orc (D:5)
  3 human zombies
  A necrophage (Crypt:2)
  6 scorpions
  9 bullfrogs
  A gnoll sergeant (D:5)
  A naga simulacrum (Crypt:2)
  A cyclops skeleton (Crypt:2)
  5 wights
  16 killer bees
  11 jellies
  5 electric eels
  3 howler monkeys (D:11)
  A lava snake (D:9)
  4 crimson imps (Depths:4)
  7 hounds
  28 orc priests
  Crazy Yiuf (D:4)
  2 gnoll boudas
  A sleepcap (D:5)
  17 orc wizards
  3 iguanas
  2 boggart zombies (D:13)
  2 hell rats (Lair:1)
  A brain worm zombie (Crypt:1)
  An acid dragon zombie (Crypt:3)
  A tengu skeleton (Crypt:3)
  5 mummies (Crypt:1)
  14 gnolls
  2 river rats (Lair:1)
  5 adders
  A swamp drake zombie (Crypt:2)
  2 shadow imps
  4 white imps
  An adder skeleton (Crypt:3)
  3 worms
  3 dart slugs
  108 orcs
  6 ball pythons
  3 bats
  14 endoplasms
  8 giant cockroaches
  9 goblins
  14 hobgoblins
  3 jackals (D:1)
  20 kobolds
  4 quokkas
  7 frilled lizards
  14 rats
  A rat zombie (Crypt:2)
  A river rat zombie (Crypt:1)
  An aspiring flesh (Zot:3)
  7 starspawn tentacles (WizLab)
  5 tentacles
3316 creatures vanquished.

Vanquished Creatures (collateral kills)
  An emperor scorpion (Spider:2)
1 creature vanquished.

Vanquished Creatures (others)
  A vampire knight (Crypt:3)
  A purple draconian (Zot:2)
  A blizzard demon (Pan)
  A deep elf knight (Elf:1)
  2 large abominations (Pan)
  2 humans (D:14)
  A small abomination (D:13)
  An orc wizard (Orc:2)
  An orc (Orc:2)
  9 starspawn tentacles (WizLab)
  15 tentacles
35 creatures vanquished.

Grand Total: 3352 creatures vanquished

Notes
Turn   | Place    | Note
-------+----------+-------------------------------------------
     0 | D:1      | seandewar5 the Naga Alchemist began the quest for the Orb.
     0 | D:1      | Reached XP level 1. HP: 15/15 MP: 3/3
   206 | D:1      | Reached skill level 1 in Fighting
   231 | D:1      | Reached XP level 2. HP: 25/25 MP: 1/5
   868 | D:1      | Found a faded altar of an unknown god.
   881 | D:1      | Reached XP level 3. HP: 32/32 MP: 6/6
   894 | D:1      | Reached skill level 4 in Stealth
   924 | D:1      | Learned a level 2 spell: Mercury Vapours
   926 | D:1      | Learned a level 1 spell: Apportation
  1997 | D:2      | Reached XP level 4. HP: 39/39 MP: 7/7
  2088 | D:2      | Identified the +0 robe "Jarchor" {rC+ rN+}
  2650 | D:2      | Reached skill level 5 in Stealth
  3323 | D:3      | You fall into a shaft and drop 2 floors!
  3323 | D:5      | Entered Level 5 of the Dungeon
  3323 | D:5      | Found Ginas's Armour Shop.
  3418 | D:5      | Noticed a centaur
  3434 | D:4      | Reached skill level 1 in Shields
  3434 | D:4      | Reached XP level 5. HP: 22/45 MP: 8/8
  3665 | D:4      | Found a sparkling altar of Nemelex Xobeh.
  3749 | D:3      | Found a broken altar of Ashenzari.
  4352 | D:3      | Reached XP level 6. HP: 44/52 MP: 8/10
  4479 | D:3      | Found a sacrificial altar of Ru.
  4650 | D:4      | Noticed Grinder
  6538 | D:4      | Found a runed translucent door.
  6539 | D:4      | Noticed Crazy Yiuf
  6643 | D:4      | Found a staircase to the Ecumenical Temple.
  8000 | D:5      | Reached skill level 5 in Alchemy
  8000 | D:5      | Reached XP level 7. HP: 37/60 MP: 11/11
  8383 | D:5      | Reached skill level 5 in Shields
  9041 | D:6      | Noticed Eustachio
  9302 | Temple   | Entered the Ecumenical Temple
  9317 | Temple   | Became a worshipper of Cheibriados the Contemplative
  9361 | D:5      | Found a shadowy altar of Dithmenos.
  9361 | D:5      | Found a faded altar of an unknown god.
  9366 | D:5      | Found a white marble altar of Elyvilon.
  9368 | D:5      | Found a stormy altar of Qazlal.
  9370 | D:5      | Found a faded altar of an unknown god.
  9480 | D:5      | Reached skill level 6 in Stealth
  9484 | D:5      | Learned a level 3 spell: Mephitic Cloud
  9547 | D:5      | Noticed Blork the orc
  9555 | D:5      | Killed Blork the orc
  9556 | D:5      | Reached skill level 7 in Stealth
  9556 | D:5      | Reached XP level 8. HP: 63/67 MP: 7/12
  9993 | D:5      | Reached skill level 8 in Stealth
  9993 | D:5      | Reached skill level 1 in Air Magic
 10342 | D:6      | Reached * piety under Cheibriados
 10771 | D:6      | Learned a level 4 spell: Olgreb's Toxic Radiance
 11044 | D:6      | Killed Eustachio
 11278 | D:6      | Reached XP level 9. HP: 73/73 MP: 10/13
 11612 | D:6      | Reached ** piety under Cheibriados
 11879 | D:7      | Found a shimmering blue altar of Sif Muna.
 12155 | D:7      | Found an iron altar of Okawaru.
 12186 | D:7      | Reached skill level 5 in Spellcasting
 13082 | D:8      | Reached skill level 1 in Ice Magic
 13858 | D:8      | Found a runed translucent gate.
 13858 | D:8      | Found a runed translucent gate.
 13859 | D:8      | Found a runed translucent gate.
 13863 | D:9      | Noticed a troll
 13867 | D:8      | Noticed TheSeeker391's ghost (novice HOFi)
 13943 | D:8      | Noticed a troll
 13975 | D:8      | Learned a level 3 spell: Frozen Ramparts
 13983 | D:8      | Learned a level 3 spell: Hailstorm
 14924 | D:7      | Reached *** piety under Cheibriados
 15140 | D:9      | Reached skill level 5 in Ice Magic
 15154 | D:9      | Reached skill level 5 in Fighting
 15154 | D:9      | Reached XP level 10. HP: 88/88 MP: 4/17
 15461 | D:9      | Noticed a kobold demonologist
 15462 | D:9      | Noticed a kobold demonologist
 15462 | D:9      | Noticed a kobold demonologist
 15464 | D:9      | Noticed a rust devil
 15733 | D:9      | Reached **** piety under Cheibriados
 15852 | D:8      | Killed a kobold demonologist
 16737 | D:4      | Found a sparkling altar of Nemelex Xobeh.
 16892 | D:4      | Killed Grinder
 17513 | D:9      | Killed a kobold demonologist
 17841 | D:9      | Found a runed translucent gate.
 17841 | D:9      | Found a runed translucent gate.
 17841 | D:9      | Found a runed translucent gate.
 17846 | D:9      | Noticed hitsuchi's ghost (journeyman DsAl)
 17874 | D:9      | Killed a kobold demonologist
 18276 | D:9      | Reached ***** piety under Cheibriados
 18324 | D:10     | Entered Level 10 of the Dungeon
 18324 | D:10     | Found a staircase to the Orcish Mines.
 18385 | D:9      | Learned a level 4 spell: Sticky Flame
 18426 | D:9      | Reached skill level 1 in Fire Magic
 18839 | D:9      | Reached XP level 11. HP: 91/94 MP: 20/23
 19443 | D:9      | Found a staircase to the Lair.
 19614 | D:9      | Found Lifoigus's General Store.
 19622 | D:9      | Bought a scroll of identify for 26 gold pieces
 19622 | D:9      | Bought a scroll of identify for 26 gold pieces
 19622 | D:9      | Bought a +0 hat for 52 gold pieces
 19622 | D:9      | Bought a +0 pair of gloves for 58 gold pieces
 20617 | D:10     | Noticed a red ugly thing
 20843 | Lair:1   | Entered Level 1 of the Lair of Beasts
 20965 | Lair:1   | Noticed Erica
 20970 | Lair:1   | Noticed Sonja
 20984 | Lair:1   | Reached skill level 1 in Invocations
 20985 | Lair:1   | Killed Erica
 21201 | Lair:1   | Reached skill level 5 in Invocations
 21748 | D:10     | Reached skill level 10 in Spellcasting
 21759 | D:10     | Killed a red ugly thing
 22912 | D:11     | Reached XP level 12. HP: 95/103 MP: 19/26
 23789 | D:11     | Noticed a two-headed ogre
 23949 | D:12     | Noticed a two-headed ogre
 23976 | D:12     | Killed a two-headed ogre
 24499 | D:12     | Found the +0 toga "Victory" {*Victory Clar}
 24696 | D:12     | Noticed Nessos
 24697 | D:12     | Noticed a two-headed ogre
 24700 | D:12     | Killed Nessos
 24701 | D:12     | Killed a two-headed ogre
 24889 | D:12     | Noticed a boulder beetle
 24903 | D:12     | Killed a boulder beetle
 24904 | D:12     | Reached skill level 10 in Invocations
 25313 | D:12     | Noticed Jorgrun
 25447 | D:12     | Learned a level 5 spell: Iskenderun's Battlesphere
 25784 | D:13     | Learned a level 3 spell: Ozocubu's Armour
 25960 | D:11     | Killed a two-headed ogre
 26147 | D:13     | Reached skill level 5 in Conjurations
 26153 | D:13     | Gained mutation: You can use your snake-like lower body to
                  | constrict enemies. [Naga growth]
 26153 | D:13     | Reached XP level 13. HP: 107/115 MP: 5/27
 26722 | D:13     | Reached ****** piety under Cheibriados
 26925 | D:13     | Noticed Snorg
 26933 | D:13     | Killed Snorg
 27333 | D:13     | Reached skill level 10 in Conjurations
 28176 | Lair:1   | Killed Sonja
 28505 | Lair:1   | Found a runed translucent gate.
 28505 | Lair:1   | Found a runed translucent gate.
 28516 | Lair:1   | Found a runed translucent gate.
 28517 | Lair:1   | Noticed Bizboz's ghost (journeyman DjAl)
 28517 | Lair:1   | Noticed a great orb of eyes
 29210 | Lair:1   | Found a viscous altar of Jiyva.
 29520 | Lair:2   | Reached XP level 14. HP: 123/123 MP: 1/28
 30809 | Lair:2   | Found a hole to the Spider Nest.
 31068 | Lair:2   | Found a staircase to the Shoals.
 33718 | Lair:4   | Learned a level 7 spell: Orb of Destruction
 34085 | Lair:4   | Found a staircase to the Slime Pits.
 34852 | Lair:5   | Entered Level 5 of the Lair of Beasts
 35670 | Lair:5   | Reached skill level 15 in Conjurations
 35797 | Lair:5   | Identified the granite talisman "Lestro" {rF++ Int+4}
 35814 | Lair:5   | Reached XP level 15. HP: 138/138 MP: 17/29
 35980 | Lair:5   | Reached skill level 10 in Fighting
 37807 | Lair:5   | Found a burning altar of Makhleb.
 38065 | Lair:5   | Found a gateway to Hell.
 38300 | D:8      | Killed TheSeeker391's ghost
 39428 | D:13     | Reached skill level 10 in Shields
 39559 | D:13     | Found a gate to the Vaults.
 39833 | Orc:1    | Entered Level 1 of the Orcish Mines
 40694 | Orc:1    | Found Suameluiss's General Store.
 40702 | Orc:1    | Bought a scroll of enchant armour for 75 gold pieces
 40706 | Orc:1    | Bought a scroll of teleportation for 30 gold pieces
 40706 | Orc:1    | Bought a scroll of teleportation for 30 gold pieces
 40706 | Orc:1    | Bought a scroll of teleportation for 30 gold pieces
 40706 | Orc:1    | Bought the Unrestrained Analects for 440 gold pieces
 40986 | Orc:2    | Entered Level 2 of the Orcish Mines
 40997 | Orc:2    | Noticed Azrael
 41008 | Orc:2    | Killed Azrael
 41522 | Orc:2    | Noticed Maurice
 41525 | Orc:2    | Killed Maurice
 41937 | Orc:2    | Found a staircase to the Elven Halls.
 42023 | Orc:2    | Reached XP level 16. HP: 141/146 MP: 17/30
 42033 | Orc:2    | Reached skill level 5 in Dodging
 42518 | Orc:2    | Found Qosaxaog's Antique Armour Shop.
 42518 | Orc:2    | Found Gideaps's Book Emporium.
 42580 | Orc:2    | Found Geenuowk's Jewellery Shop.
 42580 | Orc:2    | Found Hidacu's General Store.
 42586 | Orc:2    | Bought a faintly humming tower shield for 342 gold pieces
 42586 | Orc:2    | Identified the +0 tower shield of the Arcane {Str+4 Dex+2}
                  | (You bought it in a shop on level 2 of the Orcish Mines)
 42589 | Orc:2    | Bought a potion of heal wounds for 80 gold pieces
 42589 | Orc:2    | Bought a potion of enlightenment for 80 gold pieces
 42740 | Orc:2    | Found Entot's Assorted Antiques.
 42747 | Orc:2    | Bought a scroll of enchant armour for 157 gold pieces
 42747 | Orc:2    | Bought a potion of heal wounds for 105 gold pieces
 42747 | Orc:2    | Bought a scroll of teleportation for 63 gold pieces
 42941 | Orc:2    | Upgraded the game from 0.31-a0-1395-g7c67ea8c80 to
                  | 0.31-a0-1412-g7b7c7d10e1
 42941 | Orc:2    | \+\d
 43284 | Orc:2    | Bought a book of Minor Magic for 288 gold pieces
 43287 | Orc:2    | Learned a level 2 spell: Blink
 43434 | D:9      | HP: 5/146 [freezing wraith (7)]
 43434 | D:9      | HP: 1/146 [freezing wraith (4)]
 43441 | D:9      | Killed hitsuchi's ghost
 43442 | D:9      | Reached skill level 1 in Long Blades
 44410 | D:14     | Noticed Kirke
 44419 | D:14     | Killed Kirke
 44720 | D:14     | Noticed Waitepy's ghost (journeyman DjAE)
 44797 | D:14     | Identified the ring "Numisessoo" {Will++ Dex+6}
 45017 | D:14     | Found a transporter.
 45023 | D:14     | Found a transporter.
 45263 | D:15     | Entered Level 15 of the Dungeon
 45574 | D:15     | Reached skill level 9 in Stealth
 46651 | D:15     | Found a blossoming altar of Fedhas.
 46836 | D:15     | Reached skill level 5 in Long Blades
 47044 | D:15     | Found a staircase to the Depths.
 47254 | Spider:1 | Entered Level 1 of the Spider Nest
 47254 | Spider:1 | Noticed Frances
 47265 | Spider:1 | Reached skill level 10 in Stealth
 47267 | Spider:1 | Killed Frances
 47477 | Spider:1 | Reached skill level 1 in Translocations
 47526 | Spider:1 | Found a transporter.
 48044 | Spider:1 | Noticed TheWayOfAllFlesh's ghost (adept DjFE)
 48154 | Spider:1 | Found a transporter.
 48394 | Spider:1 | Identified the +3 dagger of Victory {flame, rElec rF- rCorr
                  | SInv}
 49160 | Spider:2 | Reached XP level 17. HP: 153/153 MP: 20/31
 49839 | Spider:2 | Noticed Mlioglotl
 49848 | Spider:2 | Killed Mlioglotl
 50183 | Spider:2 | Found a transporter.
 50183 | Spider:2 | Found a transporter.
 51527 | Spider:2 | Found a transporter.
 51529 | Spider:2 | Found a transporter.
 52455 | Spider:3 | Reached skill level 10 in Long Blades
 53805 | Spider:4 | Entered Level 4 of the Spider Nest
 54093 | Spider:4 | Reached XP level 18. HP: 136/160 MP: 26/32
 55440 | Spider:4 | Got a gossamer rune of Zot
 55855 | Shoals:1 | Entered Level 1 of the Shoals
 57125 | Shoals:2 | Found the amulet of Vitality {RegenMP++ Regen++}
 57737 | Shoals:2 | Reached skill level 10 in Ice Magic
 58193 | Shoals:3 | Noticed Ilsuiw
 58209 | Shoals:3 | Killed Ilsuiw
 58577 | Shoals:3 | Found a runed translucent gate.
 58577 | Shoals:3 | Found a runed translucent gate.
 58577 | Shoals:3 | Found a runed translucent gate.
 58578 | Shoals:3 | Noticed Cacuas's ghost (adept TeSu)
 58977 | Shoals:3 | Found Wosas's Island Escapes.
 59125 | Shoals:4 | Entered Level 4 of the Shoals
 59405 | Shoals:4 | Reached XP level 19. HP: 168/168 MP: 29/33
 59572 | Shoals:4 | Identified the +5 dagger of the Bashing Gods {freeze,
                  | *Noise rF+ SInv}
 60711 | Shoals:4 | Got a barnacled rune of Zot
 61263 | Orc:2    | Bought a potion of enlightenment for 80 gold pieces
 61263 | Orc:2    | Bought a scroll of enchant weapon for 120 gold pieces
 61263 | Orc:2    | Bought a scroll of amnesia for 64 gold pieces
 61428 | Elf:1    | Entered Level 1 of the Elven Halls
 61430 | Elf:1    | Identified the +0 pair of boots of Apathy {Harm Dex+3}
 61555 | Elf:1    | Found Yganymel's Antique Armour Emporium.
 61573 | Elf:1    | Found Teraed's Jewellery Emporium.
 61575 | Elf:1    | Reached skill level 1 in Armour
 61594 | Elf:1    | Reached XP level 20. HP: 176/176 MP: 34/34
 61662 | Elf:1    | Found Dafarorgh's Armour Emporium.
 61676 | Elf:1    | Found a portal to a secret trove of treasure.
 61892 | Elf:1    | Reached skill level 5 in Armour
 62924 | Elf:2    | Found Biuf's Book Emporium.
 62925 | Elf:2    | Found Hulebb's Jewellery Shop.
 62925 | Elf:2    | Found Pavicwuh's Jewellery Shop.
 62941 | Elf:2    | Bought the ring of Apuywuexi {rElec Will+ SInv} for 518
                  | gold pieces
 63161 | Elf:2    | Found a runed translucent gate.
 63163 | Elf:2    | Found a runed translucent gate.
 63167 | Elf:2    | Found a runed translucent gate.
 64058 | Elf:2    | Found Atsam's Distillery.
 64093 | Elf:2    | Bought a potion of cancellation for 112 gold pieces
 64257 | Elf:3    | Entered Level 3 of the Elven Halls
 64425 | Elf:3    | Found Xejealyf's Book Emporium.
 64465 | Elf:3    | Noticed Norris
 64479 | Elf:3    | Killed Norris
 65024 | Elf:3    | Reached XP level 21. HP: 183/183 MP: 28/35
 65041 | Elf:3    | Learned a level 7 spell: Ozocubu's Refrigeration
 65062 | Elf:3    | Reached skill level 15 in Ice Magic
 65328 | Elf:3    | Identified the +6 quarterstaff "Eviscerator" {heavy, rCorr
                  | Int-4 Dex+3 Stlth+}
 65369 | Elf:3    | Identified the +2 leather armour of the Realm of Zot {rN+
                  | rCorr Slay+2 Stlth-}
 65471 | Elf:3    | Reached skill level 11 in Stealth
 65502 | Elf:3    | Got Withoesch's Discourse on Apparitions and Direction
 65520 | Elf:3    | Identified the +1 scale mail "Jiumpog" {Str+4}
 65523 | Elf:3    | Identified the +1 rapier of Fedhas's Displeasure {freeze,
                  | rF+}
 65536 | Elf:3    | Identified the +2 sling of Unreason {heavy, rC- rCorr
                  | Int+6}
 65646 | Elf:3    | Identified the +9 quarterstaff of Unreason {heavy, rPois
                  | rC+ rN+}
 65660 | Elf:3    | Got the Encyclopedia of Lightning
 65975 | Vaults:1 | Entered Level 1 of the Vaults
 66032 | Vaults:1 | Reached skill level 12 in Stealth
 66467 | Vaults:1 | Found Bosiolux's Weapon Shoppe.
 66614 | Vaults:1 | Got the Folio of Forceful Rime
 66637 | Vaults:1 | Reached skill level 13 in Stealth
 67190 | Vaults:1 | Reached skill level 14 in Stealth
 67667 | Vaults:2 | Reached XP level 22. HP: 187/198 MP: 38/38
 67875 | Vaults:2 | Reached skill level 10 in Dodging
 68153 | Vaults:2 | Found Muitof's Antique Armour Shoppe.
 69684 | Vaults:3 | Noticed Saint Roka
 69696 | Vaults:3 | Killed Saint Roka
 69697 | Vaults:3 | Reached skill level 10 in Armour
 69926 | Vaults:3 | Found Kuafe Caefru's Jewellery Emporium.
 69932 | Vaults:3 | Bought the ring of Daisies {Wiz rC+ Str+4} for 628 gold
                  | pieces
 70965 | Vaults:3 | Found a staircase to the Crypt.
 71483 | Vaults:4 | Found Fohybyf's Assorted Antiques.
 71622 | Vaults:4 | Noticed Mennas
 71644 | Vaults:4 | Killed Mennas
 71661 | Vaults:4 | Reached XP level 23. HP: 153/213 MP: 39/39
 72601 | Vaults:4 | Reached skill level 5 in Air Magic
 72980 | Depths:1 | Entered Level 1 of the Depths
 73608 | Depths:1 | Found an iron altar of Okawaru.
 74035 | Elf:2    | Bought a manual of Fire Magic for 1440 gold pieces
 74042 | Elf:2    | Learned a level 6 spell: Plasma Beam
 74377 | Depths:1 | Reached skill level 5 in Fire Magic
 74432 | Depths:2 | Found a one-way gateway to a ziggurat.
 75139 | Depths:2 | Reached XP level 24. HP: 222/222 MP: 39/39
 75187 | Depths:2 | Found a basalt altar of Yredelemnul.
 75308 | Depths:2 | Found a one-way gate leading to the halls of Pandemonium.
 75944 | Depths:3 | Found a one-way gate to the infinite horrors of the Abyss.
 76058 | Depths:3 | Reached skill level 10 in Fire Magic
 76136 | Depths:3 | Found a magical portal.
 76145 | WizLab   | Entered Lehudib's Moon Base
 76706 | WizLab   | Identified the ring "Lyacs" {rN+ MP+9 Str+2}
 76824 | WizLab   | fuk
 76894 | WizLab   | Found a transporter.
 77238 | WizLab   | Gained mutation: Your body sometimes deteriorates upon
                  | taking damage. [a cacodemon]
 77264 | WizLab   | Found a transporter.
 77518 | WizLab   | Identified the amulet "Sonips" {^Fragile Regen+ Str+2
                  | Int+5}
 77707 | WizLab   | Identified the staff of the Bespelling Firefly {rN+ rCorr
                  | Stlth+ Conj Earth}
 77748 | WizLab   | Got Lehudib's Grimoire of Mud and Bruises
 78005 | Depths:3 | Noticed a juggernaut
 78104 | Depths:3 | Noticed Parghit
 78133 | Depths:3 | Killed Parghit
 78417 | Depths:3 | Killed a juggernaut
 78535 | Depths:3 | Found the +10 dark maul {heavy}
 78901 | Depths:4 | Entered Level 4 of the Depths
 78915 | Depths:4 | Reached skill level 10 in Air Magic
 79020 | Depths:4 | Found a runed translucent gate.
 79022 | Depths:4 | Noticed leebro123's ghost (veteran TrSh)
 79026 | Depths:4 | Found a runed translucent gate.
 79061 | Depths:4 | Found Boapn's Magic Scroll Shoppe.
 79063 | Depths:4 | Found Foebuschu's General Store.
 79065 | Depths:4 | Found Calosm's Weapon Shoppe.
 79090 | Depths:4 | Reached XP level 25. HP: 197/229 MP: 10/39
 79153 | Depths:4 | Bought a scroll of blinking for 142 gold pieces
 79153 | Depths:4 | Bought a scroll of revelation for 142 gold pieces
 79344 | Depths:4 | Found a runed translucent gate.
 79403 | Depths:4 | Identified the ring of Wishful Thinking {Fire *Corrode Fly
                  | Slay+4}
 79872 | Depths:4 | Found a shimmering altar of Xom.
 80024 | Depths:4 | Found a gate to the Realm of Zot.
 80462 | Slime:1  | Entered Level 1 of the Pits of Slime
 80478 | Slime:1  | Gained mutation: You occasionally lose the ability to drink
                  | potions when taking damage. [a shining eye]
 80607 | Slime:1  | Gained mutation: Your health recovers twice as slowly from
                  | being drained. [a shining eye]
 81095 | Slime:2  | Gained mutation: You have hidden genetic defects. [a
                  | shining eye]
 81131 | Slime:1  | Lost mutation: Your body sometimes deteriorates upon taking
                  | damage. [potion of mutation]
 81131 | Slime:1  | Lost mutation: Your health recovers twice as slowly from
                  | being drained. [potion of mutation]
 81131 | Slime:1  | Lost mutation: You occasionally lose the ability to drink
                  | potions when taking damage. [potion of mutation]
 81131 | Slime:1  | Gained mutation: Your body sometimes deteriorates upon
                  | taking damage. [potion of mutation]
 81131 | Slime:1  | Gained mutation: You expend magic power (3 MP) to
                  | strengthen your wands. [potion of mutation]
 81131 | Slime:1  | Gained mutation: You have an increased reservoir of magic.
                  | (+10% MP) [potion of mutation]
 81325 | Slime:2  | Found a viscous altar of Jiyva.
 81937 | Slime:3  | Reached skill level 15 in Air Magic
 82183 | Slime:4  | Noticed Dissolution
 82736 | Slime:5  | Entered Level 5 of the Pits of Slime
 82845 | Slime:5  | Gained mutation: Your flesh is heat resistant. (rF+) [a
                  | shining eye]
 82935 | Slime:4  | Gained mutation: Potions are less effective at restoring
                  | your health. [hidden defects]
 82950 | Slime:4  | Lost mutation: You have an increased reservoir of magic.
                  | (+10% MP) [potion of mutation]
 82950 | Slime:4  | Lost mutation: Your flesh is heat resistant. (rF+) [potion
                  | of mutation]
 82950 | Slime:4  | Gained mutation: You can exhale a cloud of poison. [potion
                  | of mutation]
 82950 | Slime:4  | Gained mutation: Your natural rate of healing is unusually
                  | fast. [potion of mutation]
 82951 | Slime:4  | Lost mutation: You expend magic power (3 MP) to strengthen
                  | your wands. [potion of mutation]
 82951 | Slime:4  | Lost mutation: You have hidden genetic defects. [potion of
                  | mutation]
 82951 | Slime:4  | Lost mutation: Potions are less effective at restoring your
                  | health. [potion of mutation]
 82951 | Slime:4  | Lost mutation: Your natural rate of healing is unusually
                  | fast. [potion of mutation]
 82951 | Slime:4  | Gained mutation: You are dopey. (Int -2) [potion of
                  | mutation]
 82951 | Slime:4  | Gained mutation: Your movements are slightly less
                  | encumbered by armour. (ER -2) [potion of mutation]
 82951 | Slime:4  | Gained mutation: You are somewhat resistant to further
                  | mutation. [potion of mutation]
 83418 | Slime:5  | Noticed the Royal Jelly
 83424 | Slime:5  | Killed the Royal Jelly
 83425 | Slime:5  | Reached skill level 15 in Fire Magic
 83425 | Slime:5  | Reached XP level 26. HP: 237/237 MP: 8/39
 83677 | Slime:4  | Gained mutation: You are occasionally teleported next to
                  | monsters. [a shining eye]
 83678 | Slime:4  | Lost mutation: You are dopey. (Int -2) [a shining eye]
 83682 | Slime:3  | Lost mutation: Your movements are slightly less encumbered
                  | by armour. (ER -2) [potion of mutation]
 83682 | Slime:3  | Lost mutation: Your body sometimes deteriorates upon taking
                  | damage. [potion of mutation]
 83682 | Slime:3  | Lost mutation: You are occasionally teleported next to
                  | monsters. [potion of mutation]
 83682 | Slime:3  | Gained mutation: Your mind is acute. (Int +4, Str/Dex -1)
                  | [potion of mutation]
 83701 | Slime:4  | Killed Dissolution
 84384 | Slime:5  | Got Dorarop's Vellum of Frostbitten Malediction
 84401 | Slime:5  | Identified the orb of Raddunk {*channel, +Inv rC+ rN+
                  | Alchemy}
 84459 | Slime:5  | Identified the +10 long sword of Rimoulim {flame, rElec
                  | Str+3 Dex+2}
 84469 | Slime:5  | Got a slimy rune of Zot
 84517 | Slime:5  | Identified the +5 mace of Gloom {protect, *Noise ^Fragile
                  | rElec rPois}
 84546 | Slime:5  | Identified the +7 rapier of Awkwardness {speed, *Rage rElec
                  | Str+2 Int+2}
 85484 | Crypt:1  | Entered Level 1 of the Crypt
 85698 | Crypt:1  | Reached skill level 15 in Stealth
 85963 | Crypt:1  | Reached skill level 16 in Stealth
 86049 | Crypt:1  | Reached skill level 15 in Fighting
 86138 | Crypt:1  | Found an ancient bone altar of Kikubaaqudgha.
 86419 | Crypt:1  | Reached skill level 17 in Stealth
 87012 | Crypt:2  | Reached skill level 18 in Stealth
 88057 | Crypt:3  | Entered Level 3 of the Crypt
 88110 | Crypt:3  | Reached skill level 19 in Stealth
 88167 | Crypt:3  | Found an ancient bone altar of Kikubaaqudgha.
 88357 | Crypt:3  | Reached skill level 20 in Stealth
 88366 | Crypt:3  | Reached XP level 27. HP: 226/247 MP: 4/39
 88855 | Crypt:3  | Found a staircase to the Tomb.
 88912 | Crypt:3  | Reached skill level 21 in Stealth
 89088 | Crypt:3  | Found a basalt altar of Yredelemnul.
 89088 | Crypt:3  | Found an ancient bone altar of Kikubaaqudgha.
 89210 | Crypt:3  | Found the +8 demon blade "Leech" {evervamp, Harm ^Drain
                  | rN+}
 89216 | Crypt:3  | Identified the amulet "Sadediyx" {RegenMP rC+ Stlth+}
 89224 | Crypt:3  | Identified the +0 buckler of Gravitas {Will+ Str+4}
 89252 | Crypt:3  | Identified the ring "Jaral" {rN+ Will+ rCorr Int+3}
 89256 | Crypt:3  | Got Sif Muna's Precepts of Cold
 89258 | Crypt:3  | Got the Grimoire of Breezy Accelerants
 89261 | Crypt:3  | Identified the ring "Axtyvvaklu" {rN+ rCorr}
 89261 | Crypt:3  | Identified the ring "Zitoreas" {rPois rN+ Dex+3 Slay+2}
 89284 | Crypt:3  | Learned a level 8 spell: Ignition
 89517 | Vaults:5 | Entered Level 5 of the Vaults
 89528 | Vaults:5 | Reached skill level 22 in Stealth
 89551 | Vaults:5 | Noticed a dread lich
 89557 | Vaults:5 | Noticed a dread lich
 89558 | Vaults:5 | Killed a dread lich
 89699 | Vaults:4 | Killed a dread lich
 89819 | Vaults:5 | Noticed a dread lich
 89860 | Vaults:4 | Killed a dread lich
 90428 | Vaults:5 | Identified the +1 helmet "Zemovob" {rCorr MP+9}
 90539 | Vaults:5 | Noticed an ancient lich
 90542 | Vaults:5 | Killed an ancient lich
 90610 | Vaults:5 | Found the +5 robe of Night {Dark Will+ SInv}
 90617 | Vaults:5 | Identified the +7 great sword "Liwne" {drain, ^Contam rC+
                  | rN++ rCorr}
 90630 | Vaults:5 | Identified the +10 plate armour of Weirdness {Harm rN+
                  | Int-2}
 90864 | Vaults:5 | Noticed an ancient lich
 90875 | Vaults:5 | Killed an ancient lich
 91072 | Vaults:5 | Got a silver rune of Zot
 91168 | Vaults:5 | Identified the +3 war axe "Botuimp" {holy, Str+3}
 91605 | Zot:1    | Entered Level 1 of the Realm of Zot
 91839 | Zot:1    | Noticed an orb of fire
 91881 | Zot:1    | Killed an orb of fire
 92048 | Zot:1    | Identified the +9 trident of Irksome Responsibility {venom,
                  | rC+ Str+2}
 92691 | Zot:1    | Noticed an ancient lich
 92699 | Zot:1    | Killed an ancient lich
 92799 | Zot:1    | Found a stormy altar of Qazlal.
 92822 | Zot:1    | Got the Opusculum on the Geodesic and Synthesis
 94766 | Zot:3    | Reached skill level 23 in Stealth
 96171 | Zot:4    | Found a stormy altar of Qazlal.
 96396 | Zot:4    | Got the Exposition on Oxidation and the Shot
 96721 | Zot:5    | Entered Level 5 of the Realm of Zot
 97572 | Zot:5    | Noticed a dread lich
 97576 | Zot:5    | Killed a dread lich
 98061 | Zot:5    | Noticed an orb of fire
 98065 | Zot:5    | Noticed an orb of fire
 98066 | Zot:5    | Gained mutation: You are weak. (Str -2) [an orb of fire]
 98068 | Zot:5    | Killed an orb of fire
 98068 | Zot:5    | Killed an orb of fire
 98410 | Zot:5    | Noticed an ancient lich
 98414 | Zot:5    | Noticed an orb of fire
 98418 | Zot:5    | Killed an ancient lich
 98425 | Zot:5    | Killed an orb of fire
 98505 | Zot:5    | Noticed an orb of fire
 98535 | Zot:5    | Noticed an orb of fire
 98536 | Zot:5    | Killed an orb of fire
 98544 | Zot:5    | Killed an orb of fire
 98659 | Zot:5    | Noticed an orb of fire
 98662 | Zot:5    | Killed an orb of fire
 99368 | Zot:2    | Learned a level 9 spell: Chain Lightning
 99853 | Vaults:2 | Bought a runed cloak for 307 gold pieces
100085 | Depths:3 | Voluntarily entered the Abyss.
100274 | Abyss:3  | Found a corrupted altar of Lugonu.
100329 | Abyss:3  | Reached skill level 15 in Spellcasting
100366 | Abyss:3  | Paralysed by accursed screaming for 1 turns
100398 | Abyss:3  | Got an abyssal rune of Zot
100414 | Depths:3 | Escaped the Abyss
100591 | Depths:3 | Learned a level 8 spell: Maxwell's Capacitive Coupling
101042 | D:4      | Killed Crazy Yiuf
101251 | D:12     | Killed Jorgrun
101415 | D:14     | Reached skill level 1 in Maces & Flails
101448 | D:14     | Killed Waitepy's ghost
101725 | Lair:1   | Killed Bizboz's ghost
101731 | Lair:1   | Identified the staff of the Asp {rPois rCorr Conj}
101734 | Lair:1   | Identified the +6 orcbow "Vaolixtui" {antimagic, Str+4}
101866 | Shoals:3 | Killed Cacuas's ghost
102000 | Spider:1 | Killed TheWayOfAllFlesh's ghost
102006 | Spider:1 | Identified the amulet of Donko {Faith Int+5}
102406 | Depths:4 | Killed leebro123's ghost
102407 | Depths:4 | Reached skill level 5 in Maces & Flails
102519 | Pan      | Entered Pandemonium
103184 | Pan      | Noticed Iryuveub the pandemonium lord
103449 | Pan      | Killed Iryuveub the pandemonium lord
103485 | Pan      | Reached skill level 10 in Maces & Flails
103613 | Pan      | Found a runed translucent door.
103653 | Pan      | Got a demonic rune of Zot
103663 | Pan      | Entered the realm of Mnoleg.
103667 | Pan      | Gained mutation: You sometimes lose your temper in combat.
                  | [a neqoxec]
103669 | Pan      | Lost mutation: You are somewhat resistant to further
                  | mutation. [potion of mutation]
103669 | Pan      | Lost mutation: You sometimes lose your temper in combat.
                  | [potion of mutation]
103669 | Pan      | Lost mutation: Your mind is acute. (Int +4, Str/Dex -1)
                  | [potion of mutation]
103669 | Pan      | Gained mutation: Your spells are a little harder to cast,
                  | but a little more powerful. [potion of mutation]
103680 | Pan      | Gained mutation: Your tail ends in a venomous barb. [a
                  | cacodemon]
103751 | Pan      | Gained mutation: You are somewhat resistant to further
                  | mutation. [a shining eye]
104106 | Pan      | Noticed Mnoleg
104114 | Pan      | Killed Mnoleg
104262 | Pan      | Got a glowing rune of Zot
104484 | Pan      | Found a white marble altar of Elyvilon.
104800 | Pan      | Found a runed translucent door.
105587 | Pan      | Entered the realm of Gloorx Vloq.
105840 | Pan      | Noticed Gloorx Vloq
105846 | Pan      | Killed Gloorx Vloq
105873 | Pan      | Got a dark rune of Zot
106530 | Pan      | Entered the realm of Cerebov.
106544 | Pan      | Identified the +4 morningstar of Naev {distort, +Blink
                  | Dex+2}
106718 | Pan      | Found the +6 sword of Cerebov {flame}
106718 | Pan      | Noticed Cerebov
106722 | Pan      | Killed Cerebov
106762 | Pan      | Got a fiery rune of Zot
106871 | Pan      | Entered the realm of Lom Lobon.
107661 | Pan      | Noticed Lom Lobon
107722 | Pan      | Killed Lom Lobon
107772 | Pan      | Got a magical rune of Zot
107898 | Pan      | Reached skill level 15 in Armour
108022 | Pan      | Noticed Ignacio
108050 | Pan      | Killed Ignacio
108147 | Pan      | Noticed Zawkefuwk the pandemonium lord
108164 | Pan      | Killed Zawkefuwk the pandemonium lord
108430 | Depths:2 | Escaped Pandemonium
108500 | Hell     | Entered the Vestibule of Hell
108500 | Hell     | Noticed Geryon
108764 | Zot:5    | Got the Orb of Zot
108944 | Depths:1 | Noticed Sowyceu the pandemonium lord
108949 | Depths:1 | Killed Sowyceu the pandemonium lord
109046 | D:13     | Noticed Jonoik the pandemonium lord
109385 | D:1      | screw hell
109386 | D:$      | Escaped with the Orb!

Illustrated notes .####.......# ##....####)..##... .#.........## ##....[..##..).#.>. ..........## #...[.....##)...... ......#.### #.........##....... ......### #....§...###....... ......#.## #........# #....... ...).....# #........# #......) ..#......## ###......####...)... ..##......####.#@....∩##......... ...........##..##....##.....#.... ..###...........##∩∩###..)....... .## #............#####......)...) .#####.....##........#........... .##........#.........)....).....) ..................#........)).).. ...............#.)..........)).). ........##.#####................. Turn 42941 on Orc:2: \+\d ### #.## ####### # ...## ##.....#####... ....# ##..#........... #..## ##.....#...#...# ..## ##.....###@....## .## ##.......#...#...# ## ##......#........... # ##...###.....#####... # ##...## ####### ## ###...## .....## ### ##### ### # ....## ###.###...###.### ## .#..# ###......(........### ##. Turn 76824 on WizLab: fuk

.# ##.......####.####.......## #
.###.....####..#....####.....####
.##....###.....#.......###....##.
.#....##.....#.#####.....##....##
##...##....###.#...###....##...##
#....#....##...#.....##....#....#
#...##...##...##.##...##...##...#
#...#....#...##...##...#....#...#
#...'....#...##.@.##...#....+...#
#...#....#...##...##...#....#...#
#...##...##...#####...##...##...#
#....#....##.........##....#....#
##...##....###.....###....##...##
.#....##.....###+###.....##....#
.##....###.............###....##
.###.....####.......####.....##
.####.......#########.......##


Turn 109385 on D:1: screw hell

Levels and vault maps discovered:
D:1:      dpeg_arrival_circle_labyrinth_a, layout_loops_ring,
          hellmonk_ecumenical_altar_zigzags, st_stairs_6,
          minmay_misc_feat_hallway
D:2:      layout_basic
D:3:      layout_basic, nicolae_ashenzari_skybound,
          mainiacjoe_overflow_alcove_1, grunt_decor_one_mirror
D:4:      layout_loops_ring, mainiacjoe_overflow_boulevard,
          minmay_temple_entry_from_below_b, minmay_misc_feat_iff,
          chequers_serial_rivers_small_a, uniq_grinder, uniq_crazy_yiuf_cottage
D:5:      layout_rooms, chequers_temple_overflow_minitemple, serial_shops, shop,
          serial_corexii_hall, corexii_hall_statues_s, corexii_hall_statues_i,
          chequers_decorated_corner, uniq_blork_the_orc
D:6:      layout_gridville, minmay_misc_feat_alley, small_statue_intersection,
          uniq_eustachio
D:7:      layout_basic, mainiacjoe_overflow_catwalk_spiral
D:8:      nicolae_cairo_tiling_large_dashed, layout_basic,
          biasface_ghost_orc_armoury
D:9:      layout_long_grid, minmay_lair_entry_grove, gammafunk_ghost_spectres,
          special_room [special_room_orc], serial_shops, shop,
          nicolae_lava_and_water
D:10:     layout_loops_ring, david_orc_3, hangedman_decor_push,
          minmay_chambers_of_fives
D:11:     layout_cave_pools
D:12:     layout_stronghold, minmay_bent, uniq_nessos, uniq_jorgrun
D:13:     layout_roguey, david_vaults_1, serial_undead, serial_undead_d,
          serial_undead_a, serial_undead_c, serial_undead_c, serial_undead_c,
          serial_undead_f, serial_undead_a, serial_undead_f, uniq_snorg
D:14:     layout_loops_ring, nzn_ghost_randoct, uniq_kirke
D:15:     grunt_enter_depths_magical_seal, layout_basic,
          nicolae_concentric_dashed_squares_mild, fedhas_altar_4
Temple:   jpeg_temple_clearing
Lair:1:   layout_gridlike, gammafunk_ghost_ooze, serial_bayou_pond_e,
          kennysheep_abandoned_house, uniq_erica, uniq_sonja
Lair:2:   layout_regular_city, minmay_shoals_entry_centaurs,
          nicolae_spider_entry_non_spiders
Lair:3:   layout_regular_city, grunt_megastairs_1, infiniplex_staircase_pool,
          serial_bayou_shore_b, lemuel_fruit_tree, serial_bayou_shore_b
Lair:4:   layout_cave_pods, nicolae_slime_entry_slimehenge
Lair:5:   evil_forest, layout_big_grid, hellmonk_talismancer
Shoals:1: layout_shoals
Shoals:2: layout_shoals, nicolae_tricolors
Shoals:3: layout_shoals, ebering_ghost_rock_garden, nicolae_island_escapes,
          uniq_ilsuiw
Shoals:4: shoals_end_grunt_ice, layout_shoals
Spider:1: layout_spider_delve, gammafunk_ghost_arena, nicolae_spider_bzzzt,
          uniq_frances
Spider:2: gammafunk_boulding_lane, hangedman_spider_tarantella_strand,
          uniq_mlioglotl
Spider:3: lemuel_spider_zombies, special_room [special_room_bee]
Spider:4: grunt_spider_rune_parallel
Slime:1:  layout_caves
Slime:2:  layout_caves, basic_altar, nicolae_slime_getting_an_eyeful
Slime:3:  layout_caves
Slime:4:  layout_caves, uniq_dissolution
Slime:5:  slime_pit_nicolae_amoeboid
Orc:1:    layout_diamond_mine, serial_shops, nicolae_shop_hallway_plus,
          basic_altar
Orc:2:    grunt_orc_tribal_feast, layout_diamond_mine, serial_shops, shop,
          uniq_azrael, uniq_maurice
Elf:1:    layout_geoelf_grid, enter_trove_0, serial_shops, shop, shop,
          nicolae_shop_statue_plus, evilmike_minifort
Elf:2:    elven_hall_of_blades_hangedman_original
          [nicolae_vaults_blade_armed_guards], layout_geoelf_grid, serial_shops,
          shop, minmay_shop_grove
Elf:3:    elf_hall_gauntlet_wide, layout_loops_cross, serial_shops, shop,
          uniq_norris
Vaults:1: kennysheep_ogre_elephant_herders, v_alt_pattern_2,
          hangedman_vaults_corner, nicolae_vaults_ellipses_ellipsis,
          vaults_mumra_hexcomb, nicolae_vaults_taking_the_gang_shopping,
          nicolae_vaults_windows_and_doors_thing, v_alt_pattern_1,
          nicolae_vaults_angled_halls, v_misc_24, layout_vaults_maze_bifur
Vaults:2: nicolae_vaults_frosty_reception, hangedman_vaults_cutoff,
          nicolae_vaults_little_squares_2, dpeg_vaults_monster_row,
          vaults_mumra_hex, v_rooms_3, nicolae_vaults_trapezoid_4,
          ontoclasm_vaults_fault, ontoclasm_vaults_idyll,
          grunt_vaults_hallway_short, vaults_room_door_hall,
          nicolae_vaults_specimen_jars, vaults_room_pool,
          layout_vaults_chaotic_city, serial_shops, nicolae_shop_waterfront
Vaults:3: minmay_crypt_entry_simple_corners, v_alt_pattern_5,
          nicolae_vaults_sightless_eye, v_misc_11, hangedman_vaults_cutoff,
          v_misc_27, nicolae_vaults_little_squares_5, nicolae_vaults_asterisk,
          layout_vaults_omnigrid, serial_shops, shop, uniq_saint_roka
Vaults:4: nicolae_vaults_house_1, nicolae_vaults_weapon_check,
          nicolae_vaults_security_offices_6, vaults_room_corners, v_misc_27,
          hangedman_vaults_stagger, nicolae_vaults_stepped_doors,
          nicolae_vaults_heist, vaults_room_stairs_pillars,
          layout_vaults_omnicross, serial_shops, shop, uniq_mennas
Vaults:5
Crypt:1:  cheibrodos_crypt_down_in_the_bonehoard, layout_regular_city,
          serial_library_hellmonk_secret_room, grunt_crypt_arrival_guarded_gate
Crypt:2:  layout_gridlike, roderic_lattice_octagonal_star
Crypt:3:  lightli_unholy_cathedral, layout_chaotic_city,
          nicolae_tomb_entry_rubble_hallway, tombwall_bobbens
Depths:1: layout_gridville, pf_hell_entry_tar_river, hangedman_decor_opposing,
          minmay_strange_pillars, drop_trap, grunt_decor_resistance,
          okawaru_altar_gauntlet_db, serial_bayou_shore_b
Depths:2: minmay_quantized_circle, layout_cave_shapes, enter_ziggurat_c,
          grunt_pan_entry_spiral, yredelemnul_altar_generic,
          pf_hell_entry_great_geh, nicolae_keep_em_comin
Depths:3: minmay_roctagon, layout_gridlike, hell_entry, mu_enter_wizlab_3,
          abyss_entry, minmay_staircase_bubble, uniq_parghit
Depths:4: grunt_zot_entry_alcove, layout_cave_shapes, lightli_too_deep,
          gammafunk_ghost_split, nrook_campfire, led_xom_imps,
          serial_bayou_shore_b, minmay_shop_star, grunt_megastairs_4
Hell
Zot:1:    regret_index_qazlal_generations, layout_onion_interference,
          grunt_ministairs_10
Zot:2:    layout_concentric_octagons, regret_index_zotdec_barnacled_simple,
          st_stairs_2
Zot:3:    layout_onion, hangedman_hellfire_club
Zot:4:    layout_misc_corridors, regret_index_zotdec_storm_pass,
          st_small_dragon_hoard_2, regret_index_zotdec_misc_clamp, st_stairs_11,
          lemuel_flame_loot_1
Zot:5:    layout_basic, hangedman_zot_gyre

Skill      XL: |  1  2  3  4  5  6  7  8  9 10 11 12 13 14 15 16 17 18 19 20 21 22 23 24 25 26 27 |
---------------+----------------------------------------------------------------------------------+-----
Fighting       | 1 2 5 7 9 10 12 14 15 18 | 18.5
Stealth        | 4 5 7 8 10 14 20 23 | 23.9
Alchemy        | 4 5 8 |  8.0
Shields        | 1 3 4 5 11 12 14 | 14.0
Spellcasting   | 3 5 8 10 12 18 | 18.1
Conjurations   | 3 5 12 15 20 | 20.0
Air Magic      | 3 6 10 15 16 20 | 20.0
Ice Magic      | 5 7 11 14 15 16 | 16.7
Dodging        | 2 4 6 8 10 12 14 | 14.0
Fire Magic     | 3 4 8 13 15 20 | 20.0
Invocations    | 7 10 11 12 13 14 | 14.0
Long Blades    | 8 12 14 | 14.0
Translocations | 3 |  3.0
Armour         | 4 8 10 13 14 15 | 15.0
Maces & Flails | 12 | 12.0

Action                     |  1- 3 |  4- 6 |  7- 9 | 10-12 | 13-15 | 16-18 | 19-21 | 22-24 | 25-27 || total
---------------------------+-------+-------+-------+-------+-------+-------+-------+-------+-------++-------
  Melee: Dagger            |    16 |     4 |       |       |       |       |       |       |       ||    20
         Whip              |       |   129 |   332 |   234 |   406 |     6 |       |       |       ||  1107
         Constrict         |       |       |       |       |    84 |   179 |   139 |   188 |   443 ||  1033
         Scimitar          |       |       |       |       |       |   697 |   587 |   254 |       ||  1538
         Demon blade       |       |       |       |       |       |       |       |   837 |  2213 ||  3050
         Sacred scourge    |       |       |       |       |       |       |       |       |   994 ||   994
  Throw: Dart              |       |       |     2 |       |       |     2 |       |       |       ||     4
         Javelin           |       |       |     2 |     1 |     4 |       |       |       |       ||     7
   Cast: Sting             |    61 |    68 |    87 |   122 |   443 |   217 |    20 |       |       ||  1018
         Mephitic Cloud    |       |       |    18 |    48 |    38 |    59 |    23 |     4 |     3 ||   193
         Mercury Vapours   |       |       |    23 |    40 |    46 |    26 |     4 |       |       ||   139
         Olgreb's Toxic Ra |       |       |    10 |     8 |    10 |    16 |    13 |     9 |     4 ||    70
         Hailstorm         |       |       |     4 |    11 |     4 |       |       |       |       ||    19
         Frozen Ramparts   |       |       |     3 |    43 |    30 |    49 |    22 |     7 |     8 ||   162
         Sticky Flame      |       |       |       |    14 |    34 |    30 |    13 |    10 |    10 ||   111
         Apportation       |       |       |       |     4 |       |       |       |       |       ||     4
         Ozocubu's Armour  |       |       |       |     3 |    46 |    39 |    29 |    21 |    47 ||   185
         Iskenderun's Batt |       |       |       |     2 |   113 |    46 |     2 |       |     2 ||   165
         Orb of Destructio |       |       |       |       |    23 |   103 |   100 |   154 |   127 ||   507
         Ozocubu's Refrige |       |       |       |       |       |       |    19 |    57 |    57 ||   133
         Plasma Beam       |       |       |       |       |       |       |       |    97 |   517 ||   614
         Blink             |       |       |       |       |       |       |       |       |     2 ||     2
         Ignition          |       |       |       |       |       |       |       |       |   126 ||   126
         Chain Lightning   |       |       |       |       |       |       |       |       |    19 ||    19
         Maxwell's Capacit |       |       |       |       |       |       |       |       |     6 ||     6
 Invoke: Slouch            |       |       |       |     2 |     1 |     2 |     3 |       |    16 ||    24
         Step From Time    |       |       |       |       |     1 |       |       |       |       ||     1
Ability: Spit Poison       |    13 |    36 |    30 |     7 |    13 |    26 |     3 |       |       ||   128
  Evoke: Wand              |       |       |       |     4 |     6 |    10 |       |     6 |     3 ||    29
         Lightning rod     |       |       |       |       |     2 |     1 |       |       |       ||     3
         Phial of floods   |       |       |       |       |       |     2 |       |     1 |       ||     3
    Use: Scroll            |     1 |     4 |     4 |     9 |    12 |    12 |     2 |     9 |    30 ||    83
         Potion            |       |     4 |     4 |     3 |     5 |     5 |     1 |     2 |    25 ||    49
   Stab: Sleeping          |       |     1 |     1 |       |     2 |     2 |    17 |    16 |     8 ||    47
         Confused          |       |       |     4 |    26 |    12 |    43 |    32 |    11 |     2 ||   130
         Distracted        |       |       |       |       |       |     4 |     1 |     2 |    12 ||    19
         Held in net/web   |       |       |       |       |       |     8 |       |       |       ||     8
 Armour: Robe              |    18 |   115 |   188 |   166 |   572 |   359 |   154 |       |       ||  1572
         Skin              |       |       |     3 |    23 |       |       |       |       |       ||    26
         Leather armour    |       |       |       |       |       |       |   209 |   664 |  1296 ||  2169
         Quicksilver drago |       |       |       |       |       |       |       |       |   483 ||   483
         Pearl dragon scal |       |       |       |       |       |       |       |       |   234 ||   234
  Dodge: Dodged            |    13 |    39 |   132 |   190 |   484 |   444 |   264 |   340 |  1325 ||  3231
  Block: Kite shield       |       |    74 |   176 |   229 |   690 |     8 |       |       |       ||  1177
         Tower shield      |       |       |       |       |       |  1014 |   704 |  1203 |  4016 ||  6937
         Reflection        |       |       |       |       |       |       |       |       |    33 ||    33

Table legend: (Time is in decaauts)
 A = Elapsed time spent in this place.
 B = Non-inter-level travel time spent in this place.
 C = Inter-level travel time spent in this place.
 D = Time resting spent in this place.
 E = Time spent auto-exploring this place.
 F = Levels seen in this place.
 G = Mean time per level.
                   A        B        C        D        E       F      G
               +--------+--------+--------+--------+--------+-----+--------+
         Total | 196712 | 168501 |  28211 |  37583 |  83864 |  76 | 2588.3 |
       Dungeon |  55983 |  44000 |  11983 |  15893 |  17289 |  15 | 3732.2 |
        Temple |     46 |     46 |      0 |      0 |      0 |   1 |   46.0 |
          Lair |  19430 |  17163 |   2267 |   5483 |   9081 |   5 | 3886.0 |
        Shoals |   9576 |   8829 |    747 |   2140 |   4068 |   4 | 2394.0 |
   Spider Nest |  14029 |  12923 |   1106 |   3512 |   6661 |   4 | 3507.2 |
    Slime Pits |   8885 |   7922 |    963 |   1521 |   5010 |   5 | 1777.0 |
  Orcish Mines |   6662 |   4736 |   1926 |   1223 |   2594 |   2 | 3331.0 |
   Elven Halls |  10264 |   8997 |   1267 |    823 |   5358 |   3 | 3421.3 |
        Vaults |  20108 |  17420 |   2688 |   1554 |  11677 |   5 | 4021.6 |
         Crypt |   8265 |   7749 |    516 |    415 |   5486 |   3 | 2755.0 |
        Depths |  13508 |  10401 |   3107 |    864 |   6725 |   4 | 3377.0 |
          Hell |      9 |      9 |      0 |      0 |      0 |   1 |    9.0 |
           Zot |  15550 |  13915 |   1635 |   2164 |   7968 |   5 | 3110.0 |
         Abyss |    641 |    641 |      0 |     29 |    133 |   3 |  213.7 |
   Pandemonium |  10658 |  10658 |      0 |   1365 |    266 |  15 |  710.5 |
        Wizlab |   3091 |   3091 |      0 |    591 |   1542 |   1 | 3091.0 |
               +--------+--------+--------+--------+--------+-----+--------+

Top non-repeatable levels by time:
     D:9: 6565 daAuts
Spider:2: 5866 daAuts
    D:12: 5503 daAuts
    D:13: 5403 daAuts
     D:4: 5293 daAuts
    D:10: 5012 daAuts
  Lair:5: 4967 daAuts
Vaults:3: 4742 daAuts
   Orc:2: 4554 daAuts
  Lair:1: 4458 daAuts
Depths:2: 4432 daAuts
  Lair:2: 4419 daAuts
   Zot:5: 4285 daAuts
Vaults:2: 4276 daAuts
Vaults:1: 3933 daAuts
